 Dungeon Crawl Stone Soup version 0.30-a0-242-g7bf8e6d787 (webtiles) character file.

Game seed: 4528096422043217892

5973 EPluribusUnum the Grappler (level 10, -3/76 (84) HPs)
             Began as a Red Draconian Transmuter on Oct 11, 2022.
             Slain by a wight
             ... wielding a +4 mace
              (4 damage)
             ... on level 9 of the Dungeon.
             The game lasted 00:42:01 (10440 turns).

EPluribusUnum the Grappler (DrTm)                  Turns: 10440, Time: 00:42:02

HP:   -3/76 (84)    AC:  8    Str: 15    XL:     10   Next: 55%
MP:   17/17         EV: 14    Int: 22    God:
Gold: 303           SH:  0    Dex: 11    Spells: 15/19 levels left

rFire   + . .      SeeInvis .      - Unarmed
rCold   . . .      Faith    .    (no shield)
rNeg    . . .      Spirit   .    (body armour unavailable)
rPois   .          Reflect  .    (helmet restricted)
rElec   .          Harm     .    x - scarf {repulsion}
rCorr   +          Rampage  .    (no gloves)
Will    .....                    I - +0 pair of boots
Stlth   +.........               (no amulet)
HPRegen 0.32/turn                n - +6 ring of intelligence
MPRegen 0.15/turn                y - ring of resist corrosion

@: lethally poisoned (-3 -> -5), short of breath, drained, repel missiles
A: breathe fire, AC +7, unfitting armour, fire resistance 1, cold-blooded
a: Breathe Fire


You were on level 9 of the Dungeon.
You visited 2 branches of the dungeon, and saw 10 of its levels.

You collected 303 gold pieces.

Inventory:

Missiles
 E - 24 poisoned darts (quivered)
Armour
 x - a scarf of repulsion (worn)
 I - a +0 pair of boots (worn)
Magical Staves
 d - a staff of conjuration
Jewellery
 b - a ring of flight
 n - a +6 ring of intelligence (left hand)
 y - a ring of resist corrosion (right hand)
 F - an amulet of guardian spirit
 H - a ring of wizardry
Wands
 w - a wand of charming (18)
 z - a wand of roots (13)
Scrolls
 e - 4 scrolls of fog {unknown}
 f - 5 scrolls of identify
 h - 3 scrolls of blinking {unknown}
 i - 4 scrolls of fear {unknown}
 j - 3 scrolls of poison {unknown}
 l - 4 scrolls of enchant weapon {unknown}
 m - 2 scrolls of enchant armour {unknown}
 q - 2 scrolls of silence {unknown}
 r - 2 scrolls of noise {unknown}
 s - 3 scrolls of magic mapping {unknown}
 u - 3 scrolls of teleportation {unknown}
 A - 3 scrolls of amnesia {unknown}
 C - a scroll of vulnerability {unknown}
 K - a scroll of acquirement {unknown}
Potions
 a - 6 potions of lignification
 c - 4 potions of haste
 g - 6 potions of curing {gqqd?}
 k - 2 potions of cancellation
 o - 2 potions of brilliance
 p - 6 potions of heal wounds {unknown}
 t - a potion of attraction
 v - a potion of mutation
 B - 2 potions of flight
 D - 2 potions of degeneration {unknown}
 G - a potion of berserk rage {unknown}
 J - a potion of might {unknown}
 L - 2 potions of invisibility {unknown}


   Skills:
 * Level 6.4 Fighting
 * Level 7.7 Dodging
 + Level 10.6 Unarmed Combat
 + Level 5.2 Spellcasting
 + Level 5.2 Transmutations


You had 15 spell levels left.
You knew the following spells:

 Your Spells              Type           Power      Damage    Failure   Level
a - Beastly Appendage     Tmut           58%        N/A       1%          1
b - Spider Form           Tmut/Pois      17%        N/A       10%         3

Your spell library contained the following spells:

 Spells                   Type           Power      Damage    Failure   Level
 Wereblood                Tmut           29%        N/A       1%          2
 Apportation              Tloc           10%        N/A       10%         1
 Necrotise                Necr           20%        1d5       10%         1
 Summon Small Mammal      Summ           20%        N/A       10%         1
 Cigotuvi's Dreadful Rot  Necr/Pois/Air  10%        N/A       16%         2
 Poisonous Vapours        Pois/Air       10%        N/A       16%         2
 Inner Flame              Hex/Fire       5%         N/A       30%         3
 Mephitic Cloud           Conj/Pois/Air  5%         N/A       30%         3
 Ice Form                 Ice/Tmut       17%        N/A       32%         4
 Cause Fear               Hex            2%         N/A       69%         4
 Discord                  Hex            2%         N/A       100%        8


Dungeon Overview and Level Annotations

Branches:
Dungeon (9/15)             Temple (1/1) D:4            Lair (0/5) D:8
    Orc: D:9-12

Altars:
Ashenzari
Cheibriados
Dithmenos
Elyvilon
Fedhas
Gozag
Hepliaklqana
Kikubaaqudgha
Makhleb
Nemelex Xobeh
Okawaru
Qazlal
Ru
Trog
Uskayaw
Vehumet
Wu Jian
Xom
Yredelemnul
Zin
The Shining One

Shops:
D:2 [   D:8 (

Annotations:
D:4 exclusion: downstairs
D:8 Erica
D:9 2 transporters, themarg's ghost, novice MiFi


Innate Abilities, Weirdness & Mutations

You can breathe blasts of fire.
Your fiery red scales are hard. (AC +7)
You cannot fit into any form of body armour.
Your flesh is heat resistant. (rF+)
You are cold-blooded and may be slowed by cold attacks.


Message History

The killer bee stings you.
* * * LOW HITPOINT WARNING * * *
You are poisoned.
The killer bee poisons you!
You closely miss the killer bee. Your kick misses the killer bee.
Your headbutt misses the killer bee.
Your tail-slap misses the killer bee.
The killer bee is almost dead.
You feel sick.
The killer bee stings you but does no damage.
The wight completely misses you. The killer bee stings you.
* * * LOW HITPOINT WARNING * * *
You are more poisoned.
The killer bee poisons you!
There are monsters nearby!
It was a potion of curing {gqqd?}.
You feel better.
Your horns disappear.
Your talons disappear.
Your +0 pair of boots unmelds from your body.
The killer bee stings you but does no damage.
The wight completely misses you. The killer bee closely misses you.
The killer bee stings you but does no damage.
The killer bee misses you.
The killer bee attacks as you move away!
The killer bee stings you!
* * * LOW HITPOINT WARNING * * *
The killer bee stings you.
* * * LOW HITPOINT WARNING * * *
You are poisoned.
The killer bee poisons you!
You punch the killer bee!
You kill the killer bee!
You feel sick.
The wight hits you from afar with a +0 spear.
* * * LOW HITPOINT WARNING * * *
You feel drained.
You feel sick. The wight barely misses you.
You feel sick. The wight hits you but does no damage.
The wight attacks as you move away! The wight hits you with a +4 mace!
* * * LOW HITPOINT WARNING * * *
You feel drained.
You die...

#.# #.# #.# #.# ##+##
#######.###
##...###.........#
#.....##.#####.#.#
.....(.#.##......#
.........##....#.#
.................#
.....<...##....#@#
.......#.##...##z####
#.....## ##.....z...#
##...## ........##.##
##+## ##.###.......#
#.....###z..## ..####
##...# .. #...# ...#.
##..#


You could see 2 wights.

Vanquished Creatures
  Prince Ribbit (D:5)
  Sigmund (D:5)
  9 yaks
  Menkaure (D:7)
  Edmund (D:4)
  3 water moccasins
  Duvessa (D:5)
  4 ice beasts
  3 ogres
  A centaur (D:8)
  2 phantoms
  4 kobold brigands
  Blork the orc (D:5)
  4 necrophages
  A gnoll sergeant (D:8)
  2 bullfrogs
  5 scorpions
  8 wights
  Dowan (D:5)
  4 killer bees (D:9)
  5 hounds
  3 orc priests
  6 jellies
  5 iguanas
  7 orc wizards
  Natasha (thrice) (D:2)
  11 gnolls
  4 adders
  2 shadow imps
  A white imp (D:5)
  2 worms
  2 dart slugs
  34 orcs
  8 endoplasms
  2 giant cockroaches (D:3)
  8 goblins
  8 hobgoblins
  4 jackals (D:5)
  7 quokkas
  10 ball pythons
  A bat (D:3)
  6 frilled lizards
  23 kobolds
  4 rats
223 creatures vanquished.

Notes
Turn   | Place    | Note
-------+----------+-------------------------------------------
     0 | D:1      | EPluribusUnum the Draconian Transmuter began the quest for
                  | the Orb.
     0 | D:1      | Reached XP level 1. HP: 16/16 MP: 3/3
   225 | D:1      | Reached XP level 2. HP: 18/23 MP: 5/5
   687 | D:2      | Found Osiaraps's Antique Armour Shoppe.
   921 | D:2      | Noticed Natasha
   928 | D:2      | Killed Natasha
   929 | D:2      | Reached skill level 4 in Unarmed Combat
   929 | D:2      | Reached XP level 3. HP: 14/28 MP: 6/6
  1182 | D:2      | Noticed Natasha
  1762 | D:2      | Killed Natasha
  1763 | D:2      | Reached XP level 4. HP: 32/35 MP: 5/7
  1913 | D:2      | Noticed Natasha
  1925 | D:2      | Killed Natasha
  1926 | D:2      | Reached skill level 5 in Unarmed Combat
  1969 | D:3      | Found a sparkling altar of Nemelex Xobeh.
  2076 | D:3      | Found a stormy altar of Qazlal.
  2076 | D:3      | Found a hazy altar of Hepliaklqana.
  2076 | D:3      | Found a basalt altar of Yredelemnul.
  2099 | D:3      | Found a glowing silver altar of Zin.
  2106 | D:3      | Found an opulent altar of Gozag.
  2108 | D:3      | Found an ancient bone altar of Kikubaaqudgha.
  2109 | D:3      | Found a blossoming altar of Fedhas.
  2189 | D:3      | Reached XP level 5. HP: 40/40 MP: 8/8
  3217 | D:4      | Reached XP level 6. HP: 42/48 MP: 7/9
  3221 | D:4      | Found a staircase to the Ecumenical Temple.
  3364 | D:4      | Reached skill level 6 in Unarmed Combat
  3432 | Temple   | Entered the Ecumenical Temple
  3836 | D:4      | Noticed Edmund
  4143 | D:4      | Your scales start taking on a fiery red colour.
  4143 | D:4      | Reached XP level 7. HP: 10/55 MP: 11/11
  4143 | D:4      | Gained mutation: Your flesh is heat resistant. (rF+) [Red
                  | Draconian growth]
  4300 | D:4      | Learned a level 3 spell: Spider Form
  4519 | D:4      | Killed Edmund
  4520 | D:4      | Reached skill level 7 in Unarmed Combat
  4575 | D:5      | Entered Level 5 of the Dungeon
  4575 | D:5      | Noticed Duvessa
  4575 | D:5      | Noticed Dowan
  4575 | D:5      | Noticed Blork the orc
  4576 | D:5      | Noticed Prince Ribbit
  4722 | D:5      | Noticed Sigmund
  4725 | D:5      | Killed Sigmund
  4976 | D:5      | Reached XP level 8. HP: 47/62 MP: 11/13
  5454 | D:5      | Reached skill level 8 in Unarmed Combat
  5640 | D:5      | Killed Duvessa
  6009 | D:5      | Killed Blork the orc
  6010 | D:5      | Reached skill level 5 in Dodging
  6037 | D:5      | Killed Prince Ribbit
  6038 | D:5      | Reached XP level 9. HP: 58/71 MP: 13/15
  6187 | D:5      | Killed Dowan
  6656 | D:6      | Reached skill level 9 in Unarmed Combat
  7135 | D:6      | Reached skill level 5 in Fighting
  7420 | D:6      | Found a bloodstained altar of Trog.
  7421 | D:6      | Found an iron altar of Okawaru.
  7553 | D:7      | Noticed Menkaure
  7560 | D:7      | Killed Menkaure
  8224 | D:7      | Reached XP level 10. HP: 66/82 MP: 15/17
  8236 | D:7      | Reached skill level 10 in Unarmed Combat
  8892 | D:8      | Found Tucest's Antique Weapon Shoppe.
  8915 | D:8      | Found a radiant altar of Vehumet.
  8995 | D:8      | Noticed Erica
  9252 | D:8      | Found a staircase to the Lair.
  9280 | D:8      | Reached skill level 5 in Spellcasting
  9306 | D:8      | Reached skill level 5 in Transmutations
  9433 | D:8      | You fall into a shaft and drop 1 floor!
  9519 | D:8      | Identified the +0 leather armour of Pragmatism {Will+ Str-5
                  | Dex+2}
 10350 | D:9      | Found a transporter.
 10353 | D:9      | Noticed themarg's ghost (novice MiFi)
 10353 | D:9      | Noticed a moth of wrath
 10368 | D:9      | Found a transporter.
 10440 | D:9      | HP: 1/79 [wight/+4 mace (14)]
 10440 | D:9      | Slain by a wight

Illustrated notes

Levels and vault maps discovered:
D:1:      reono_arrival_forest_river, layout_basic, minivault_14
D:2:      layout_basic, serial_shops, shop, uniq_natasha
D:3:      layout_basic, nemelex_xobeh_ov_fountains_minmay,
          nicolae_overflow_hallway_of_the_gods, chequers_serial_rivers_micro_d,
          minmay_misc_feat_square
D:4:      layout_rooms, minmay_temple_entry_glassed_door, grunt_ministairs_15,
          minmay_surrounded, uniq_edmund
D:5:      wad_river_or_something, layout_cave_pods, serial_rivers,
          chequers_serial_rivers_micro_d, chequers_serial_rivers_micro_a,
          chequers_serial_rivers_micro_c, chequers_serial_rivers_room_a,
          chequers_serial_rivers_micro_b, chequers_serial_rivers_room_b,
          uniq_duvessa, uniq_blork_the_orc, uniq_prince_ribbit1, uniq_sigmund
D:6:      layout_loops_ring, grunt_temple_overflow_bloody_war
D:7:      layout_loops_corners, uniq_menkaure
D:8:      layout_loops_cross, mainiacjoe_overflow_boulevard, lair_entry_dummy,
          serial_shops, shop_statue, uniq_erica
D:9:      minmay_the_grid_octo_tiled_octocenter [minmay_the_grid_octo_horde,
          minmay_the_grid_octo_toaster, minmay_the_grid_octo_focus,
          minmay_the_grid_octo_tetromino_candy,
          minmay_the_grid_octo_prize_single_spiral,
          minmay_the_grid_square_5x5_one_wall,
          minmay_the_grid_square_5x5_shrine1,
          minmay_the_grid_square_5x5_minivault,
          minmay_the_grid_square_5x5_fat_x], layout_loops_corners,
          gammafunk_ghost_berserking_beasts
Temple:   zaba_magenta_temple

Skill      XL: |  1  2  3  4  5  6  7  8  9 10 |
---------------+-------------------------------+-----
Unarmed Combat | 4 5 6 7 8 9 10 | 10.6
Dodging        | 2 3 5 6 7 |  7.7
Fighting       | 2 4 5 6 |  6.4
Spellcasting   | 3 4 5 |  5.2
Transmutations | 3 4 5 |  5.2

Action                   |  1- 3 |  4- 6 |  7- 9 | 10-12 || total
-------------------------+-------+-------+-------+-------++-------
Melee: Unarmed           |   114 |   202 |   227 |   163 ||   706
       Tailslap          |    12 |    22 |    30 |    23 ||    87
       Punch             |     3 |     6 |     9 |     6 ||    24
       Headbutt          |     2 |    21 |    31 |    23 ||    77
       Kick              |     1 |    35 |    32 |    39 ||   107
Throw: Dart              |       |       |     4 |       ||     4
 Cast: Beastly Appendage |     2 |    16 |    26 |    10 ||    54
       Spider Form       |       |       |     1 |       ||     1
 Abil: Breathe Fire      |       |       |    26 |     8 ||    34
  Use: Scroll            |       |     1 |     5 |       ||     6
       Potion            |       |       |       |     1 ||     1
 Stab: Sleeping          |       |     2 |     1 |       ||     3
Armor: Skin              |    27 |    41 |    63 |    55 ||   186
Dodge: Dodged            |    51 |   107 |   140 |   125 ||   423
       Repelled          |       |       |       |     1 ||     1

Table legend: (Time is in decaauts)
 A = Elapsed time spent in this place.
 B = Non-inter-level travel time spent in this place.
 C = Inter-level travel time spent in this place.
 D = Time resting spent in this place.
 E = Time spent auto-exploring this place.
 F = Levels seen in this place.
 G = Mean time per level.
                   A        B        C        D        E       F      G
               +--------+--------+--------+--------+--------+-----+--------+
         Total |  10361 |   9954 |    407 |    901 |   5656 |  10 | 1036.1 |
       Dungeon |  10283 |   9876 |    407 |    901 |   5650 |   9 | 1142.6 |
        Temple |     77 |     77 |      0 |      0 |      6 |   1 |   77.0 |
               +--------+--------+--------+--------+--------+-----+--------+

Top non-repeatable levels by time:
     D:5: 1772 daAuts
     D:3: 1442 daAuts
     D:6: 1272 daAuts
     D:7: 1263 daAuts
     D:4: 1140 daAuts
     D:2: 1140 daAuts
     D:8: 972 daAuts
     D:1: 805 daAuts
     D:9: 473 daAuts
  Temple: 77 daAuts
